 Dungeon Crawl Stone Soup version 0.28.0-45-g0d030f2227 (webtiles) character file.

Game seed: 13584861277703279596

123 zeratav the Insei (level 5, -3/30 (34) HPs)
             Began as an Octopode Transmuter on Apr 9, 2022.
             Slain by a gnoll
             ... wielding a +2 whip of draining
              (6 damage)
             ... on level 4 of the Dungeon.
             The game lasted 00:04:27 (3475 turns).

zeratav the Insei (Octopode Transmuter)             Turns: 3475, Time: 00:04:28

HP:   -3/30 (34)    AC:  1    Str:  9    XL:     5   Next: 7%
MP:   4/8           EV: 13    Int: 22    God:
Gold: 99            SH:  0    Dex: 14    Spells: 4/8 levels left

rFire   . . .      SeeInvis .     - Unarmed
rCold   . . .      Faith    .   (no shield)
rNeg    . . .      Spirit   .   (helmet restricted)
rPois   .          Reflect  .   (no amulet)
rElec   .          Harm     .   o - +6 ring of intelligence
rCorr   .          Rampage  .   (no ring)
Will    .....                   (no ring)
Stlth   +++.......              (no ring)
HPRegen 0.10/turn               (no ring)
MPRegen 0.11/turn               (no ring)
                                (no ring)
                                (no ring)

@: heavily drained
A: almost no armour, amphibious, 8 rings, camouflage 1, gelatinous body 1,
(nimble swimmer 1), tentacles
a: no special abilities


You were on level 4 of the Dungeon.
You visited 1 branch of the dungeon, and saw 4 of its levels.

You collected 99 gold pieces.


Innate Abilities, Weirdness & Mutations

You cannot wear most types of armour.
You are amphibious.
You can wear up to eight rings at the same time.
Your skin changes colour to match your surroundings (Stealth+).
Your rubbery body absorbs attacks. (AC +1, EV +1)
((You are camouflaged when in or above water. (Stealth+)))
You have tentacles for arms and can constrict up to eight enemies at once.


   Skills:
 + Level 2.1 Fighting
 + Level 2.8 Dodging
 + Level 2.7 Stealth
 * Level 4.2 Unarmed Combat
 - Level 2.0 Spellcasting
 - Level 2.0 Transmutations


You had 4 spell levels left.
You knew the following spells:

 Your Spells              Type           Power      Damage    Failure   Level
a - Beastly Appendage     Tmut           22%        N/A       6%          1
b - Spider Form           Tmut/Pois      6%         N/A       26%         3

Your spell library contained the following spells:

 Spells                   Type           Power      Damage    Failure   Level
 Wereblood                Tmut           11%        N/A       9%          2
 Ice Form                 Ice/Tmut       6%         N/A       65%         4

Inventory:

Jewellery
 o - a +6 ring of intelligence (left tentacle)
   (You found it on level 4 of the Dungeon)
Scrolls
 b - 4 scrolls of identify {unknown}
 c - a scroll of immolation {unknown}
 f - a scroll of torment {unknown}
 h - a scroll of fear {unknown}
 m - a scroll of blinking {unknown}
Potions
 a - a potion of curing {unknown}
 d - a potion of lignification {unknown}
 e - a potion of haste {unknown}
 g - a potion of ambrosia {unknown}
 i - a potion of mutation {unknown}
 j - 2 potions of heal wounds {unknown}
 k - a potion of berserk rage {unknown}
 l - 2 potions of might {unknown}
 n - a potion of attraction {unknown}

Dungeon Overview and Level Annotations

Branches:
Dungeon (4/15)
 Temple: D:4-7

Altars:

Shops:
D:1 : D:2

( .##. ... ...
#... #.. #..
#..###.#
#.#.........
#......#.#(#
#).#.#.# #.##Z#.#
#.###g##@#.#
#......#g#.######
#..####.#<#......#
.. #.g...#
#..#.#.# #..#.#[#
#..#.#.# .....#.#
..##..#..


You could see 2 gnolls and a water moccasin skeleton.


Message History

No target in view!
No target in view!
Your transformation is almost over.
Your tentacle spike disappears.
Things that are here:
a jackal corpse; a jackal corpse; HP[+2] MP[+1]
Your hp is fully restored (29).
Your mp is fully restored (7).
You open the door.
There is an open door here.
There is an open door here.
Things that are here:
a jackal corpse; a jackal corpse
There is an open door here.
Done exploring.
Done exploring.
(D) Dungeon
Where to? (Enter - D:3 @ (x,y), ? - help)
There is a stone staircase leading down here.
You climb downwards.
There is a stone staircase leading up here.
You see here a +0 ring mail.
A goblin comes into view. It is wielding a +0 dagger.
You see here a +6 ring of intelligence.
o - a +6 ring of intelligence One of your tentacles grows a vicious spike.
The goblin shouts!
You hear a shout!
MP[-1]
You lost 1 mp, and now have 6/7 mp.
A water moccasin skeleton and a gnoll come into view.
The gnoll moves out of view.
The gnoll shouts!
You hear a shout!
The goblin closely misses you.
A gnoll comes into view. It is wielding a +2 whip of draining.
You tentacle-slap the goblin. You grab the goblin.
You pierce the goblin.
You kill the goblin!
A gnoll comes into view. It is wielding a +0 spear.
MP[+1]
Your mp is fully restored (7).
There is a stone staircase leading up here.
You can't go down here!
You climb upwards.
Your transformation is almost over.
There is a stone staircase leading down here.
This spell is extremely dangerous to cast!
Memorise Spider Form, consuming 3 spell levels and leaving 3?
You start memorising the spell.
You continue memorising. x3
You finish memorising.
Spell assigned to 'b'.
You extend your transformation's duration.
MP[-1]
You lost 1 mp, and now have 6/7 mp.
You feel clever.
o - a +6 ring of intelligence (left tentacle)
Casting: Beastly Appendage (safe; 6% risk of failure)
Confirm with . or Enter, or press ? or * to list all spells.
The spell is extremely dangerous to miscast (28% risk of failure)!
Continue anyway?
Your tentacle spike disappears.
You turn into a venomous arachnid creature.
MP[-3]
You lost 3 mp, and now have 3/7 mp.
You climb downwards.
There is a stone staircase leading up here.
The gnoll barely misses you.
You bite the gnoll!
The gnoll is poisoned.
The gnoll hits you with a +0 spear!
HP[-9]
You take 9 damage, and now have 20/29 hp.
MASSIVE DAMAGE!! (PAUSE)
You barely miss the gnoll.
The gnoll hits you with a +2 whip of draining.
* * * LOW HITPOINT WARNING * * *
You feel drained.
* * * LOW HITPOINT WARNING * * *
The gnoll closely misses you.
HP[-7]
You now have 27 max hp (-2).
You take 7 damage, and now have 13/27 hp.
MASSIVE DAMAGE!! (PAUSE)
You bite the gnoll!
You kill the gnoll!
The gnoll hits you with a +2 whip of draining.
* * * LOW HITPOINT WARNING * * *
You feel drained.
* * * LOW HITPOINT WARNING * * *
You have reached level 5!
You feel clever.
HP[-6] MP[+1]
You now have 32 max hp (+5).
You take 6 damage, and now have 7/32 hp.
You hit the gnoll.
The gnoll is poisoned.
The water moccasin skeleton closely misses you.
The gnoll hits you with a +2 whip of draining.
* * * LOW HITPOINT WARNING * * *
You feel drained.
HP[-4]
You now have 30 max hp (-2).
You take 4 damage, and now have 3/30 hp.
You completely miss the gnoll.
Your transformation has ended.
The water moccasin skeleton misses you.
The gnoll hits you with a +2 whip of draining.
You die...

Skill      XL: |  1  2  3  4 |
---------------+-------------+-----
Stealth        | 1 2 |  2.7
Fighting       | 2 |  2.1
Unarmed Combat | 4 |  4.2
Dodging        | |  2.8
Spellcasting   | |  2.0
Transmutations | |  2.0

Action                   |  1- 3 |  4- 6 || total
-------------------------+-------+-------++-------
Melee: Unarmed           |    84 |    37 ||   121
       Constrict         |    24 |    11 ||    35
       Tentacles         |    15 |     6 ||    21
       Kick              |    19 |     6 ||    25
       Punch             |     2 |     1 ||     3
 Cast: Beastly Appendage |    26 |    13 ||    39
       Spider Form       |       |     1 ||     1
 Stab: Sleeping          |     7 |     5 ||    12
Armor: Skin              |    10 |     2 ||    12
Dodge: Dodged            |    47 |    25 ||    72

Levels and vault maps discovered:
D:1:      onia_arrival_zoo_common, layout_basic, serial_bayou,
          serial_bayou_lagoon_b, serial_bayou_pond_a, serial_bayou_crossing,
          serial_bayou_pond_e, serial_shops, shop_statue
D:2:      layout_basic, serial_shops, nicolae_shop_hallway_plus, serial_forest,
          infiniplex_forest_clump_tiny, infiniplex_forest_3_way,
          infiniplex_forest_corner_1, infiniplex_forest_fountain,
          infiniplex_forest_zigzag_2, infiniplex_forest_corner_1
D:3:      minmay_chambers_of_threes, layout_basic, grunt_decor_fettered
D:4:      layout_rooms, minmay_temple_entry_large_hall

Notes
Turn   | Place    | Note
-------+----------+-------------------------------------------
     0 | D:1      | zeratav the Octopode Transmuter began the quest for the
                  | Orb.
     0 | D:1      | Reached XP level 1. HP: 13/13 MP: 3/3
     0 | D:1      | magus.rc [v1.9.6]
     6 | D:1      | Noticed a swamp worm
     6 | D:1      | Noticed a swamp drake
     6 | D:1      | Noticed an iguana
     7 | D:1      | Noticed a wolf
    65 | D:1      | Found Ucwio's Book Shop.
   389 | D:1      | Reached XP level 2. HP: 18/18 MP: 3/5
   561 | D:1      | Reached skill level 1 in Stealth
   832 | D:2      | Found Hugh's Antique Weapon Shop.
  1192 | D:2      | HP: 4/18 [poisoned by an adder]
  1193 | D:2      | Reached XP level 3. HP: 6/23 MP: 1/6
  1197 | D:2      | HP: 1/23 [poisoned by an adder]
  2397 | D:3      | Reached skill level 2 in Stealth
  2481 | D:3      | Reached skill level 2 in Fighting
  2481 | D:3      | Reached XP level 4. HP: 17/29 MP: 5/7
  2492 | D:3      | HP: 7/29 [ball python (3)]
  2776 | D:3      | Reached skill level 4 in Unarmed Combat
  3464 | D:3      | Learned a level 3 spell: Spider Form
  3473 | D:4      | HP: 6/26 [gnoll/+2 whip of draining (1)]
  3474 | D:4      | Reached XP level 5. HP: 7/32 MP: 4/8
  3475 | D:4      | Slain by a gnoll

Vanquished Creatures
  An iguana (D:3)
  A gnoll (D:4)
  3 adders
  A worm (D:3)
  A dart slug (D:3)
  An orc (D:3)
  5 endoplasms
  2 giant cockroaches
  4 goblins
  6 hobgoblins
  4 jackals
  6 kobolds
  9 ball pythons
  4 bats
  3 frilled lizards
  6 rats
57 creatures vanquished.

Vanquished Creatures (others)
  2 plants (D:1)
2 creatures vanquished.

Grand Total: 59 creatures vanquished

Table legend:
 A = Non-vault XP
 B = Vault XP
 C = Vault XP percentage of total XP
 D = Non-vault monster count
 E = Vault monster count
 F = Vault count percentage of total count
                 A         B        C        D         E       F
            +---------+---------+-------+---------+---------+-------
      Total |     111 |      65 |  36.9 |      45 |      12 |  21.1
            +---------+---------+-------+---------+---------+-------
        D:1 |      17 |       0 |   0.0 |      12 |       0 |   0.0
        D:2 |      50 |       0 |   0.0 |      18 |       0 |   0.0
        D:3 |      28 |      65 |  69.9 |      13 |      12 |  48.0
        D:4 |      16 |       0 |   0.0 |       2 |       0 |   0.0
            +---------+---------+-------+---------+---------+-------

Illustrated notes

Table legend:
 A = Kills in this place as a percentage of kills in entire the game.
 B = Kills by you in this place as a percentage of kills by you in the entire game.
 C = Kills by friends in this place as a percentage of kills by friends in the entire game.
 D = Other kills in this place as a percentage of other kills in the entire game.
 E = Experience gained in this place as a percentage of experience gained in the entire game.
 F = Experience gained in this place divided by the number of levels of this place that you have seen.
                   A       B       C       D       E      F
               +-------+-------+-------+-------+-------+----------------------
         Total | 100.0 | 100.0 |   N/A |   N/A | 100.0 |  44.0
       Dungeon | 100.0 | 100.0 |   N/A |   N/A | 100.0 |  44.0
               +-------+-------+-------+-------+-------+----------------------

Table legend: (Time is in decaauts)
 A = Elapsed time spent in this place.
 B = Non-inter-level travel time spent in this place.
 C = Inter-level travel time spent in this place.
 D = Time resting spent in this place.
 E = Time spent auto-exploring this place.
 F = Levels seen in this place.
 G = Mean time per level.
                   A        B        C        D        E       F      G
               +--------+--------+--------+--------+--------+-----+--------+
         Total |   3466 |   3398 |     68 |    551 |   2417 |   4 |  866.5 |
       Dungeon |   3466 |   3398 |     68 |    551 |   2417 |   4 |  866.5 |
               +--------+--------+--------+--------+--------+-----+--------+

Top non-repeatable levels by time:
     D:2: 1485 daAuts
     D:3: 1119 daAuts
     D:1: 830 daAuts
     D:4: 30 daAuts
